AoeStats
← ogipochi_

Black Forest

504043432Analyzed
4v4 RM · 1mo ago on Sep 3, 2026· 50m 30s· 8 players
Game mode
Random Map
Map size
Large (8 player)
Population
200
Speed
Normal
Resources
Standard
Victory
Conquest
Starting age
Dark Age
Ending age
Imperial Age
RankedLock teamsTeams togetherTeam positionsShared explorationLock speedFull tech treeHidden civsTurbo modeCheats
Victory
Defeat
🇹🇼 Italians · Taiwan
869
+12
🇮🇩 Saracens · Indonesia
836
+13
🇮🇩 Khitans · Indonesia
803
+15
🇮🇩 Turks · Indonesia
788
+16
🇯🇵 Aztecs · Japan
860
-17
🇺🇸 Turks · United States
794
-15
🇺🇸 Goths · United States
787
-14
🇷🇺 Vikings · Russia
677
-10
ogipochi_
1:00 Loom
13:37 Feudal Age
14:53 Wheelbarrow
13:59 Horse Collar
14:07 Double-Bit Axe
14:17 Stone Mining
14:22 Gold Mining
20:57 Castle Age
19:50 Forging
20:18 Scale Mail Armor
21:56 Bow Saw
22:04 Heavy Plow
30:32 Iron Casting
30:12 Chain Mail Armor
31:40 Chain Mail Armor
32:18 Hand Cart
31:50 Town Watch
35:36 Imperial Age
33:56 Caravan
34:45 Gold Shaft Mining
34:47 Stone Shaft Mining
35:36 Town Patrol
37:16 Garland Wars
36:19 Capped Ram
38:01 Blast Furnace
37:31 Plate Mail Armor
37:30 Conscription
37:09 Elite Jaguar Warrior
40:10 Gambesons
40:11 Arson
40:27 Squires
$impnationri$eup
0:29 Loom
11:50 Feudal Age
21:04 Castle Age
34:32 Imperial Age
32:40 Wheelbarrow
32:42 Double-Bit Axe
32:40 Horse Collar
32:53 Stone Mining
32:56 Gold Mining
33:38 Scale Barding Armor
33:45 Forging
34:55 Ballistics
34:59 Hand Cart
35:49 Bow Saw
36:21 Bloodlines
36:11 Husbandry
38:23 Conscription
38:05 Artillery
38:40 Town Watch
38:30 Elite Janissary
45:41 Chain Barding Armor
49:07 Bombard Tower
48:59 Fortified Wall
Sweet Lady
0:56 Loom
16:16 Feudal Age
19:49 Stone Mining
22:17 Castle Age
20:10 Double-Bit Axe
21:35 Man-at-Arms
22:47 Long Swordsman
29:26 Stone Shaft Mining
28:47 Gold Mining
33:16 Caravan
37:22 Imperial Age
37:12 Wheelbarrow
37:26 Pikeman
38:23 Anarchy
38:43 Bow Saw
38:03 Two-Handed Swordsman
38:04 Halberdier
39:20 Squires
42:07 Scale Mail Armor
42:19 Forging
42:13 Perfusion
42:34 Conscription
43:59 Champion
46:27 Light Cavalry
48:18 Hand Cart
Todoroki
7:20 Loom
11:41 Feudal Age
13:21 Double-Bit Axe
17:46 Padded Archer Armor
17:47 Scale Mail Armor
17:59 Forging
17:37 Horse Collar
19:00 Gold Mining
19:08 Fletching
21:04 Stone Mining
25:42 Castle Age
24:02 Arson
26:46 Leather Archer Armor
26:27 Bodkin Arrow
27:07 Iron Casting
26:48 Chain Mail Armor
26:45 Gambesons
27:01 Squires
27:10 Heavy Plow
27:38 Crossbowman
30:00 Gold Shaft Mining
29:47 Town Watch
30:46 Town Patrol
36:03 Imperial Age
35:04 Chieftains
36:09 Elite Berserk
37:13 Conscription
39:43 Treadmill Crane
39:50 Arrowslits
41:39 Onager
Arlans天空
0:34 Loom
14:22 Feudal Age
22:35 Castle Age
20:27 Horse Collar
20:34 Double-Bit Axe
20:49 Gold Mining
20:50 Stone Mining
25:42 Heavy Plow
25:59 Bow Saw
30:34 Imperial Age
29:48 Stone Shaft Mining
29:48 Silk Road
29:36 Caravan
32:38 Wheelbarrow
31:48 Town Watch
32:47 Fervor
32:57 Sanctity
32:57 Fervor
33:12 Conscription
33:30 Ballistics
34:13 Chemistry
33:34 Ballistics
32:57 Treadmill Crane
33:12 Murder Holes
34:30 Hand Cart
34:16 Town Patrol
35:52 Thumb Ring
35:08 Crossbowman
39:02 Two-Man Saw
37:55 Fletching
38:06 Padded Archer Armor
38:16 Forging
38:07 Scale Mail Armor
37:57 Arrowslits
38:23 Fortified Wall
38:00 Elite Genoese Crossbowman
39:24 Arbalester
43:27 Bodkin Arrow
45:53 Crop Rotation
45:35 Bracer
45:50 Leather Archer Armor
45:50 Masonry
46:17 Hoardings
45:31 Man-at-Arms
46:11 Squires
45:57 Arson
47:31 Sanctity
48:03 Ring Archer Armor
47:11 Long Swordsman
48:22 Two-Handed Swordsman
50:08 Champion
marcopolo
0:37 Loom
16:11 Feudal Age
17:36 Domestication
17:44 Double-Bit Axe
23:03 Castle Age
21:23 Gold Mining
21:23 Stone Mining
24:05 Bow Saw
28:08 Forging
27:58 Scale Mail Armor
28:57 Stone Mining
29:45 Wheelbarrow
29:13 Scale Mail Armor
29:12 Man-at-Arms
29:37 Gambesons
30:23 Caravan
31:56 Iron Casting
31:36 Chain Mail Armor
30:48 Long Swordsman
32:20 Chain Mail Armor
32:35 Squires
33:31 Hand Cart
35:54 Stone Shaft Mining
39:25 Imperial Age
39:34 Lamellar Armor
39:27 Two-Handed Swordsman
40:50 Plate Mail Armor
40:28 Capped Ram
45:22 Arson
45:09 Champion
47:14 Heavy Rocket Cart
Lagi Gabut
0:28 Loom
14:28 Feudal Age
16:34 Horse Collar
17:04 Double-Bit Axe
24:30 Castle Age
23:59 Gold Mining
24:00 Stone Mining
28:23 Gold Shaft Mining
27:53 Heavy Plow
28:05 Bow Saw
35:54 Imperial Age
37:54 Two-Man Saw
38:47 Wheelbarrow
38:47 Caravan
39:18 Coinage
38:58 Guilds
39:37 Elite Janissary
45:04 Hand Cart
46:25 Artillery
47:14 Sipahi
48:42 Conscription
49:01 Hoardings
+62 | Farhan
1:15 Loom
14:14 Feudal Age
15:33 Wheelbarrow
14:41 Horse Collar
14:49 Double-Bit Axe
21:16 Castle Age
19:50 Stone Mining
21:19 Gold Mining
26:19 Heavy Plow
30:04 Bow Saw
33:09 Hand Cart
33:51 Gold Shaft Mining
34:43 Forging
34:38 Scale Barding Armor
34:34 Town Watch
37:52 Imperial Age
37:15 Iron Casting
37:00 Chain Barding Armor
38:40 Husbandry
38:50 Bloodlines
38:15 Elite Mameluke
39:18 Conscription
43:22 Blast Furnace
42:58 Plate Barding Armor
Connection lost

Rejoining the realm…

Still unreachable

The connection could not be restored.

Session expired

The server has moved on; the page needs a fresh start.